Workbook

Sheet Solicitud
B1: #VALUE! | E1: SOLICITUD DE CAJA CHICA (FONDO A RENDIR RENOVABLE)
K3: Fecha: | L3: =TODAY() -> 46297
L4: dd/mm/aa
B5: Beneficiario de caja chica: | I5: RUT: | L5: Correo UC:
B7: Motivo de la Solicitud :
B9: Información del Centro de Costo: | D9: Unidad Imputable | E9: Activ. | F9: Caja | H9: Monto a solicitar: | L9: Moneda: | M9: CLP
B14: Firmas | H14: Espacio para uso de la Dirección Económica y de Gestión
B15: BENEFICIARIO DEL FONDO POR RENDIR | E15: JEFE O RESPONSABLE FINANCIERO
H18: Monto:
H19: Moneda: | I19: =+M9 -> CLP
B21: Firma | E21: Firma | K21: Firma
B24: Nombre Completo | E24: Nombre Completo
B26: Solicitante: | D26: (nombre y apellido de quien elabora este formulario)
B27: Anexo:
B28: e-Mail:
B31: IMPORTANTE:
B33: 1.Debe solicitarse factura a nombre de la Universidad (Pontificia Universidad Católica de Chile, RUT 81.698.900-0, Dirección Avenida Libertador Bernardo O’Higgins N º 340.). Formas de pago al contado. Las facturas con tipo de pago a crédito serán rechazadas.
B34: 2.Está prohibida la compra de Gift Card, para mayor información revisar procedimentos y reglamentos a través de la https://deg.ing.uc.cl/finanzas/procedimientos-y-reglamentos/
B35: 3. Para montos que no excedan las 2,5 UF (aprox.$100.000.-), se podrán utilizar boletas. Será obligatorio documentar con facturas electrónicas cualquier gasto superior a 2,5 UF (aprox. $100.000.).
B36: 4. Será obligatorio documentar con facturas electrónicas a nombre de la Universidad cualquier gasto superior a 2,5 UF (aprox. $100.000)

Sheet Rendición
B1: #VALUE! | E1: RENDICIÓN DE CAJA CHICA (FONDO A RENDIR RENOVABLE)
N5: Fecha: | O5: =TODAY() -> 46297
O6: dd/mm/aa
B8: Beneficiario de Caja chica: | D8: =Solicitud!D5 -> 0 | J8: RUT: | K8: =Solicitud!J5 -> 0 | N8: Correo UC: | O8: =Solicitud!M5 -> 0
B11: Motivo de la Solicitud :
B13: Información del Centro de Costo: | D13: Unidad imputable | E13: Activ. | F13: Caja | J13: Monto por justificar: | K13: =Solicitud!J9 -> 0 | N13: Moneda: | O13: =Solicitud!M9 -> CLP
A16: 42430 | B16: Item | C16: Fecha | D16: No. Doc. | F16: Descripción de la actividad asociada al gasto (*N2) | J16: Tipo / Clasificación del Gasto | K16: Cuenta Contable | L16: Monto de la Transacción | M16: Moneda de la Transacción | N16: Tipo de Cambio (*N1) | O16: Monto a Reembolsar ($ CLP)
B17: 1 | K17: =IFERROR(VLOOKUP($J17,Codificación!$A$3:$C$31,2,0),"N/A") -> N/A | O17: =+ROUND(IF(M17<>"CLP",L17*N17,L17),0) -> 0
B18: =B17+1 -> 2 | K18: =IFERROR(VLOOKUP($J18,Codificación!$A$3:$C$31,2,0),"N/A") -> N/A | O18: =+ROUND(IF(M18<>"CLP",L18*N18,L18),0) -> 0
B19: =B18+1 -> 3 | K19: =IFERROR(VLOOKUP($J19,Codificación!$A$3:$C$31,2,0),"N/A") -> N/A | O19: =+ROUND(IF(M19<>"CLP",L19*N19,L19),0) -> 0
B20: =B19+1 -> 4 | K20: =IFERROR(VLOOKUP($J20,Codificación!$A$3:$C$31,2,0),"N/A") -> N/A | O20: =+ROUND(IF(M20<>"CLP",L20*N20,L20),0) -> 0
B21: =B20+1 -> 5 | K21: =IFERROR(VLOOKUP($J21,Codificación!$A$3:$C$31,2,0),"N/A") -> N/A | O21: =+ROUND(IF(M21<>"CLP",L21*N21,L21),0) -> 0
B22: =B21+1 -> 6 | K22: =IFERROR(VLOOKUP($J22,Codificación!$A$3:$C$31,2,0),"N/A") -> N/A | O22: =+ROUND(IF(M22<>"CLP",L22*N22,L22),0) -> 0
B23: =B22+1 -> 7 | K23: =IFERROR(VLOOKUP($J23,Codificación!$A$3:$C$31,2,0),"N/A") -> N/A | O23: =+ROUND(IF(M23<>"CLP",L23*N23,L23),0) -> 0
B24: =B23+1 -> 8 | K24: =IFERROR(VLOOKUP($J24,Codificación!$A$3:$C$31,2,0),"N/A") -> N/A | O24: =+ROUND(IF(M24<>"CLP",L24*N24,L24),0) -> 0
B25: =B24+1 -> 9 | K25: =IFERROR(VLOOKUP($J25,Codificación!$A$3:$C$31,2,0),"N/A") -> N/A | O25: =+ROUND(IF(M25<>"CLP",L25*N25,L25),0) -> 0
B26: =B25+1 -> 10 | K26: =IFERROR(VLOOKUP($J26,Codificación!$A$3:$C$31,2,0),"N/A") -> N/A | O26: =+ROUND(IF(M26<>"CLP",L26*N26,L26),0) -> 0
B27: =B26+1 -> 11 | K27: =IFERROR(VLOOKUP($J27,Codificación!$A$3:$C$31,2,0),"N/A") -> N/A | O27: =+ROUND(IF(M27<>"CLP",L27*N27,L27),0) -> 0
B28: =B27+1 -> 12 | K28: =IFERROR(VLOOKUP($J28,Codificación!$A$3:$C$31,2,0),"N/A") -> N/A | O28: =+ROUND(IF(M28<>"CLP",L28*N28,L28),0) -> 0
B29: =B28+1 -> 13 | K29: =IFERROR(VLOOKUP($J29,Codificación!$A$3:$C$31,2,0),"N/A") -> N/A | O29: =+ROUND(IF(M29<>"CLP",L29*N29,L29),0) -> 0
... B40: =B39+1 -> 24 | K40: =IFERROR(VLOOKUP($J40,Codificación!$A$3:$C$31,2,0),"N/A") -> N/A | O40: =+ROUND(IF(M40<>"CLP",L40*N40,L40),0) -> 0
K41: Total Rendido | L41: =SUM(L17:L40) -> 0 | O41: =SUM(O17:O40) -> 0
K44: Caja chica Asignada | O44: =K13 -> 0
K46: =IF($L$41=$L$44,"Saldo",IF($L$41>$L$44,"Saldo a Favor",IF($L$41<$L$44,"Saldo a Reintegrar"))) -> Saldo | O46: =O41-O44 -> 0
B51: N6
B53: APROBACIONES
B54: BENEFICIARIO DEL FONDO POR RENDIR | H54: JEFE O RESPONSABLE FINANCIERO
B60: Firma* | H60: Firma*
B63: Nombre Completo* | H63: Nombre Completo*
C65: Solicitante: | D65: (nombre y apellido de quien llena este formulario)
C66: Anexo:
C67: e-Mail:

Sheet Cierre 
C1: #VALUE! | F1: CIERRE DE CAJA CHICA (FONDO A RENDIR RENOVABLE)
L4: Fecha: | M4: =TODAY() -> 46297
M5: dd/mm/aa
C6: Beneficiario de caja chica: | E6: =Solicitud!D5 -> 0 | J6: RUT: | K6: =Solicitud!J5 -> 0 | M6: Correo UC: | N6: =Solicitud!M5 -> 0
C8: Motivo del cierre :
C10: Información del Centro de Costo: | E10: Unidad Imputable | F10: Activ. | G10: Caja | I10: Monto : | M10: Moneda: | N10: CLP
C15: Firmas | I15: Espacio para uso de la Dirección Económica y de Gestión
C16: BENEFICIARIO DEL FONDO POR RENDIR | F16: JEFE O RESPONSABLE FINANCIERO
I19: Monto: | J19: =K10 -> 0
I20: Moneda: | J20: =+N10 -> CLP
C22: Firma | F22: Firma | L22: Firma
C25: Nombre Completo | F25: Nombre Completo
C27: Solicitante: | E27: (nombre y apellido de quien elabora este formulario)
C28: Anexo:
C29: e-Mail:
C32: IMPORTANTE:
C37: Debe anexar el comprobante de deposito junto con el formulario en Pago Web o ERP
C38: Para realizar un correcto cierre de caja chica, desde asociar el número de informe a la solicitud inicial de caja chica

Sheet Codificación
A1: Clase de Gasto | B1: Cuenta | C1: Nombre Cuenta
A3: **Asociación fondo por Rendir** | B3: 11105001 | C3: Asociación fondo por Rendir
A4: **Devolución de anticipos no utilizados** | B4: 11209001 | C4: Devolución de anticipos no utilizados
A5: Alimentos | B5: 41104207 | C5: Alimentos
A6: Arriendo máquinas y equipos | B6: 41105102 | C6: Arriendo Maquinas y Equipos
A7: Arriendo salas | B7: 41105101 | C7: Arriendo Salas
A8: Arriendo vehículo | B8: 41105104 | C8: Arriendos Vehiculos
A9: Artículos computacionales | B9: 41104603 | C9: Compra y/o servicios menores de artículos de computación
A10: Bienes activo fijo en tránsito | B10: 12203001 | C10: Bienes Act Fijo en Transito
A11: Bienestar del personal | B11: 41109301 | C11: Bienestar del Personal
A12: Combustible, bencina | B12: 41104406 | C12: Combustibles
A13: Fotocopias | B13: 41104203 | C13: Fotocopias
... A32: Visa | B32: 41104802 | C32: Viáticos

Sheet Unidades
A1: Unidad | B1: Nom_Unidad
A2: 3511 | B2: Dec Fac de Ingenieria
A3: 3512 | B3: Subdirección Económica y de Gestión
A4: 3513 | B4: PRESUPUESTO CENTRALIZADO DIRECCIONES
A5: 3514 | B5: FONDOS PROFESORES
A6: 3515 | B6: Instituto de Ingeniería Biológica y Médica
A7: 3517 | B7: Fondos Extensión Ing.
A8: 3518 | B8: Programas Interdisciplinarios
A9: 3519 | B9: Fondos Concursables Profesores
A10: 3521 | B10: Escuela de Ingenieria
A11: 3522 | B11: Depto Ingenieria y Construccion
A12: 3523 | B12: Depto Ingenieria Estructural
A13: 3524 | B13: Depto Ingenieria Electrica
... A36: 4821 | B36: Instituto Ingeniería Matemática y Computacional

Sheet Actividad
A1: Unidad | B1: Nom_Unidad
A2: 101 | B2: Pregrado Imputable
A3: 201 | B3: Magister Profesional
A4: 202 | B4: Magister de Investigación
A5: 203 | B5: Doctorado
A6: 301 | B6: Investigacion Básica
A7: 302 | B7: Investigación Aplicada
A8: 303 | B8: Investigación por Encargo
A9: 304 | B9: Investigación Internacional
A10: 401 | B10: Asesorias y Servicios
A11: 402 | B11: Educación continua
A12: 403 | B12: Extensión
A13: 404 | B13: Filantropía
A14: 502 | B14: Administración Facultades

Sheet Moneda
A1: Moneda | B1: Descripción
A2: CLP | B2: Pesos Chilenos
A3: USD | B3: Dólares Americanos
A4: EUR | B4: Euros
A5: Otros | B5: Otros
